 Dungeon Crawl Stone Soup version 0.17.1-3-g152610e (webtiles) character file.

198 juanjsm the Stinger (level 5, -2/25 HPs)
             Began as a Spriggan Venom Mage on Apr 21, 2016.
             Slain by Grinder (3 damage)
             ... on level 4 of the Dungeon.
             The game lasted 00:22:55 (3455 turns).

juanjsm the Stinger (Spriggan Venom Mage)           Turns: 3455, Time: 00:22:55

Health: -2/25      AC:  2    Str:  6    XL:     5   Next: 47%
Magic:  6/11       EV: 18    Int: 18    God:
Gold:   98         SH:  0    Dex: 13    Spells: 4 memorised, 0 levels left

rFire  . . .     SeeInvis +     v - +0 dagger
rCold  + . .     Clarity  .     a - +0 robe
rNeg   . . .     SustAt   .     (shield restricted)
rPois  .         Gourm    .     (helmet restricted)
rElec  .         Spirit   .     (no cloak)
rCorr  .         Warding  .     (gloves unavailable)
rMut   .         Stasis   +     (boots unavailable)
MR     .....                    j - amulet "Xaxelup" {Stasis Str+2 Dex-3 Slay+3}
Stlth  +++.......               k - ring of flight
                                d - ring of protection from cold

@: very slightly contaminated, invisible, very quick, not resistant to hostile
enchantments, fairly stealthy
A: unfitting armour, see invisible, herbivore 3, speed 3, slow metabolism 2
a: Evoke Flight


You were on level 4 of the Dungeon.
You were not hungry.

You visited 1 branch of the dungeon, and saw 4 of its levels.

You collected 98 gold pieces.

Inventory:

Hand Weapons
 r - a +0 hunting sling
 v - a +0 dagger (weapon)
Missiles
 o - 132 stones (quivered)
Armour
 a - a +0 robe (worn)
Jewellery
 d - a ring of protection from cold (left hand)
 j - the amulet "Xaxelup" (around neck) {Stasis Str+2 Dex-3 Slay+3}
   (You found it on level 4 of the Dungeon)

   [amulet of stasis]

   It prevents you from being teleported, slowed, hasted or paralysed.
   It affects your strength (+2).
   It affects your dexterity (-3).
   It affects your accuracy and damage with ranged weapons and melee attacks
   (+3).
 k - a ring of flight (right hand)
Wands
 w - a wand of flame (22)
Scrolls
 f - a scroll of fear {unknown}
 h - a scroll of teleportation
 i - 4 scrolls of remove curse
 p - a scroll of enchant armour {unknown}
 s - a scroll of magic mapping {unknown}
 t - a scroll of identify {unknown}
 u - a scroll of noise {unknown}
Potions
 e - a potion of curing {unknown}
 g - a potion of lignification {unknown}
 l - a potion of invisibility
 m - a potion of agility {unknown}
 n - a potion of ambrosia {unknown}
 q - a potion of heal wounds {unknown}
Books
 b - a Young Poisoner's Handbook

   Spells                             Type                      Level
   a - Sting                          Conjuration/Poison           1
   b - Cure Poison                    Poison                       2
   c - Mephitic Cloud                 Conjuration/Poison/Air       3
   d - Olgreb's Toxic Radiance        Poison                       4
   e - Venom Bolt                     Conjuration/Poison           5
Comestibles
 c - a bread ration


   Skills:
 + Level 0.4 Fighting
 + Level 4.0 Dodging
 * Level 4.4 Stealth
 + Level 0.1 Unarmed Combat
 + Level 3.8 Spellcasting
 + Level 1.2 Conjurations
 + Level 0.6 Air Magic
 + Level 5.0 Poison Magic


You couldn't memorise any spells.
You knew the following spells:

 Your Spells              Type           Power        Failure   Level  Hunger
a - Sting                 Conj/Pois      ##..         4%          1    None
b - Cure Poison           Pois           ###.......   3%          2    ##.....
c - Mephitic Cloud        Conj/Pois/Air  ##......     21%         3    ###....
d - Venom Bolt            Conj/Pois      ##........   93%         5    ######.


Dungeon Overview and Level Annotations

Branches:
Dungeon (4/15)
 Temple: D:4-7

Altars:
Ru
Yredelemnul

Annotations:
D:4 Grinder


Innate Abilities, Weirdness & Mutations

You are tiny and cannot use many weapons and most armour.
You have supernaturally acute eyesight.
You are a herbivore.
You cover ground extremely quickly.
You need consume almost no food.


Message History

f - a scroll labeled DACKOQIROCU Grinder says, "FISH!"
Grinder barely misses you.
Drink which item? (? for menu, Esc to quit)
It was a potion of invisibility.
You fade into invisibility!
Grinder barely misses you.
You are very lightly contaminated with residual magic.
Casting: Mephitic Cloud
Confirm with . or Enter, or press ? or * to list all spells.
The spell is very dangerous to cast!
Continue anyway?
Aiming: Venom Bolt
Press: ? - help, Shift-Dir - straight line, f - Grinder
Aim: Grinder (heavily wounded)
You miscast Venom Bolt.
Smoke pours from your hands! Grinder closely misses you. Grinder hits you.
* * * LOW HITPOINT WARNING * * *
You writhe in agony.
You die...

##...## #.#.#
##+## #....
#.# ###<# #.#
#.#
########.##
#.#
.....§§§§.##
#######.#
#§§§..#
#.......#
##§5§.##
#.#######
#§@§.######.#
##§.........#
############


You could see Grinder.

Vanquished Creatures
  2 orc wizards (D:3)
  5 gnolls
  An adder (D:3)
  An ooze (D:1)
  An adder skeleton (D:3)
  5 worms
  4 giant geckos
  5 orcs (D:3)
  6 goblins
  6 hobgoblins
  5 jackals
  A quokka (D:2)
  A ball python (D:3)
  7 bats
  3 giant cockroaches
  3 giant newts
  9 kobolds
  3 rats
68 creatures vanquished.

Notes
Turn   | Place    | Note
--------------------------------------------------------------
     0 | D:1      | juanjsm the Spriggan Venom Mage began the quest for the Orb.
     0 | D:1      | Reached XP level 1. HP: 9/9 MP: 5/5
   341 | D:3      | Reached XP level 2. HP: 7/13 MP: 1/6
   345 | D:3      | Learned a level 2 spell: Cure Poison
   505 | D:4      | Got a pitted ivory amulet
   506 | D:4      | Identified the amulet "Xaxelup" {Stasis Str+2 Dex-3 Slay+3} (You found it on level 4 of the Dungeon)
  1023 | D:2      | Found a sacrificial altar of Ru.
  1135 | D:2      | Reached XP level 3. HP: 9/16 MP: 0/8
  1141 | D:2      | Learned a level 3 spell: Mephitic Cloud
  1767 | D:2      | Found a basalt altar of Yredelemnul.
  1881 | D:2      | Reached XP level 4. HP: 17/21 MP: 1/10
  2417 | D:3      | Noticed an orc wizard
  2418 | D:3      | Noticed an orc wizard
  3172 | D:3      | Reached skill level 1 in Conjurations
  3231 | D:3      | Reached XP level 5. HP: 24/24 MP: 2/11
  3238 | D:3      | Learned a level 5 spell: Venom Bolt
  3327 | D:3      | Killed an orc wizard
  3340 | D:3      | Killed an orc wizard
  3340 | D:3      | Reached skill level 5 in Poison Magic
  3439 | D:4      | Noticed Grinder
  3455 | D:4      | HP: 1/25 [Grinder (6)]
  3455 | D:4      | Slain by Grinder

Action                   |  1- 3 |  4- 6 || total
-------------------------+-------+-------++-------
Melee: Unarmed           |    23 |       ||    23
       Dagger            |    28 |    48 ||    76
 Cast: Sting             |   104 |    58 ||   162
       Mephitic Cloud    |       |     9 ||     9
  Use: Scroll            |       |     3 ||     3
       Potion            |       |     1 ||     1
 Stab: Sleeping          |     4 |     2 ||     6
       Confused          |       |     1 ||     1
  Eat: Pizza             |       |     1 ||     1
